| TOP OF THE 1ST |
|
Phoenix Giants batting - Pitching for Salt Lake City Bees : RHP Ed Nunez
|
|
Pitching: RHP Ed Nunez
|
|
|
Batting: LHB Bobby V Mitchell
|
0-0: Called Strike 0-1: Ball 1-1: Fly out, F9 (Flyball, 89M, EV 87.5 MPH)
|
|
Batting: LHB Gordon Hahn
|
0-0: Called Strike 0-1: Ball 1-1: Ball 2-1: Ball 3-1: Foul Ball, location: 2F 3-2: SINGLE (Groundball, 6MS, EV 73.8 MPH) (infield hit)
|
|
Batting: LHB Ernie Riles
|
0-0: Swinging Strike 0-1: Ball 1-1: Ball 2-1: Foul Ball, location: 2F 2-2: Ball 3-2: SINGLE (Groundball, 4MD, EV 98.8 MPH) Gordon Hahn to second
|
|
Batting: SHB John Macauley
|
0-0: Ball 1-0: Called Strike Gordon Hahn steals 3rd base Ernie Riles to second 1-1: 3-RUN HOME RUN (Flyball, 9D, EV 101.3 MPH), Distance : 367 ft
|
|
Batting: RHB Paul Zuvella
|
0-0: Ball 1-0: Called Strike 1-1: Fly out, F7 (Flyball, 7, EV 91.3 MPH)
|
|
Batting: LHB Raymond Rivas
|
0-0: Foul Ball, location: 2F 0-1: Ground out 5-3 (Groundball, 56, EV 103.1 MPH)
|
| Top of the 1st over - 3 runs, 3 hits, 0 errors, 0 left on base; Phoenix 3 - Salt Lake City 0 |
| BOTTOM OF THE 1ST |
|
Salt Lake City Bees batting - Pitching for Phoenix Giants : RHP Steven Miller
|
|
Pitching: RHP Steven Miller
|
|
|
Batting: LHB Eric Attaway
|
0-0: Foul Ball, location: 2F 0-1: Ball 1-1: Ball 2-1: Foul Ball, location: 2F 2-2: Fly out, F8 (Flyball, 89D, EV 83.1 MPH)
|
|
Batting: RHB Jamie Nelson
|
0-0: Ball 1-0: Foul Ball, location: 2F 1-1: Ball 2-1: Ground out 4-3 (Groundball, 4, EV 84.4 MPH)
|
|
Batting: RHB Nicky Richards
|
0-0: Foul Ball, location: 2F 0-1: Ball 1-1: Foul Ball, location: 2F 1-2: Strikes out looking
|
| Bottom of the 1st over - 0 runs, 0 hits, 0 errors, 0 left on base; Phoenix 3 - Salt Lake City 0 |
| TOP OF THE 2ND |
|
Phoenix Giants batting - Pitching for Salt Lake City Bees : RHP Ed Nunez
|
|
Batting: SHB Razor Shines
|
0-0: DOUBLE (Flyball, 89D, EV 103.8 MPH)
|
|
Batting: LHB Joseph Bruno
|
0-0: Called Strike 0-1: Foul Ball, location: 2F 0-2: Ball 1-2: Ball 2-2: Ball 3-2: Strikes out looking
|
|
Batting: LHB Frank Gill
|
0-0: Foul Ball, location: 2F 0-1: Ball 1-1: SINGLE (Flyball, 78S, EV 89.4 MPH) Razor Shines to third
|
|
Batting: LHB Bobby V Mitchell
|
0-0: Ball 1-0: Fielders Choice at 2nd, 4-6 (Groundball, 4, EV 104.4 MPH) Razor Shines scores
|
|
Batting: LHB Gordon Hahn
|
0-0: Swinging Strike 0-1: Ball 1-1: Ball Bobby V Mitchell steals 2nd base 2-1: Reached on error, E4 (Groundball, 4MD, EV 105.6 MPH) Bobby V Mitchell to third
|
|
Batting: LHB Ernie Riles
|
0-0: Ball 1-0: Ball 2-0: Ball 3-0: Called Strike 3-1: Called Strike 3-2: Base on Balls Gordon Hahn to second
|
|
Batting: SHB John Macauley
|
0-0: Called Strike 0-1: Ball 1-1: Foul Ball, location: 2F 1-2: Ball 2-2: Ball 3-2: Ground out 4-3 (Groundball, 4, EV 81.3 MPH)
|
| Top of the 2nd over - 1 run, 2 hits, 1 error, 3 left on base; Phoenix 4 - Salt Lake City 0 |
| BOTTOM OF THE 2ND |
|
Salt Lake City Bees batting - Pitching for Phoenix Giants : RHP Steven Miller
|
|
Batting: LHB Thomas Dorsey
|
0-0: Foul Ball, location: 2F 0-1: Ball 1-1: SINGLE (Line Drive, 8RM, EV 91.3 MPH)
|
|
Batting: RHB William Cole
|
0-0: Ball 1-0: Ball 2-0: Fly out, F6 (Flyball, 56D, EV 80.0 MPH)
|
|
Batting: RHB Dick C Schofield
|
0-0: 2-RUN HOME RUN (Flyball, 78XD, EV 95.6 MPH), Distance : 414 ft
|
|
Batting: RHB Darnell Coles
|
0-0: Swinging Strike 0-1: Ball 1-1: Ball 2-1: Ground out 6-3 (Groundball, 6, EV 81.9 MPH)
|
|
Batting: RHB Reid Nichols
|
0-0: Called Strike 0-1: Ground out 6-3 (Groundball, 6, EV 92.5 MPH)
|
| Bottom of the 2nd over - 2 runs, 2 hits, 0 errors, 0 left on base; Phoenix 4 - Salt Lake City 2 |
| TOP OF THE 3RD |
|
Phoenix Giants batting - Pitching for Salt Lake City Bees : RHP Ed Nunez
|
|
Batting: RHB Paul Zuvella
|
0-0: Ball 1-0: Ball 2-0: Ball 3-0: Base on Balls
|
|
Batting: LHB Raymond Rivas
|
0-0: Ball 1-0: Foul Ball, location: 2F 1-1: Fielders Choice at 2nd, 3-6 (Groundball, 3, EV 100.0 MPH)
|
|
Batting: SHB Razor Shines
|
0-0: Ball 1-0: DOUBLE (Flyball, 8RXD, EV 107.5 MPH) Raymond Rivas to third Runner from 3rd tries for Home, SAFE, no throw by CF
|
|
Batting: LHB Joseph Bruno
|
0-0: Ball 1-0: Ball 2-0: Ball 3-0: Called Strike 3-1: Base on Balls
|
|
Pitching: RHP Jesse Baez
|
|
|
Batting: LHB Frank Gill
|
0-0: Called Strike 0-1: Reached on error, E3 (Groundball, 3L, EV 85.0 MPH) Razor Shines to third Joseph Bruno to second
|
|
Batting: LHB Bobby V Mitchell
|
0-0: Ball 1-0: Ball 2-0: Swinging Strike 2-1: Ball 3-1: Swinging Strike 3-2: SINGLE (Line Drive, 8LS, EV 106.3 MPH) Razor Shines scores Joseph Bruno to third Frank Gill to second Runner from 3rd tries for Home, SAFE, throw by CF to home
|
|
Batting: LHB Gordon Hahn
|
0-0: Ball 1-0: Ball 2-0: Grounds into double play, 4-6-3 (Groundball, 4M, EV 95.6 MPH)
|
| Top of the 3rd over - 3 runs, 2 hits, 1 error, 1 left on base; Phoenix 7 - Salt Lake City 2 |
| BOTTOM OF THE 3RD |
|
Salt Lake City Bees batting - Pitching for Phoenix Giants : RHP Steven Miller
|
|
Batting: RHB Antonio Baca
|
0-0: Called Strike 0-1: Ball 1-1: Ball 2-1: Swinging Strike 2-2: Strikes out looking
|
|
Batting: LHB Eric Attaway
|
0-0: Swinging Strike 0-1: Foul Ball, location: 2F 0-2: Strikes out looking
|
|
Batting: RHB Jamie Nelson
|
0-0: Ball 1-0: Ball 2-0: Ball 3-0: Called Strike 3-1: Called Strike 3-2: Base on Balls
|
|
Batting: RHB Nicky Richards
|
0-0: Swinging Strike 0-1: Foul Ball, location: 2F 0-2: Strikes out swinging
|
| Bottom of the 3rd over - 0 runs, 0 hits, 0 errors, 1 left on base; Phoenix 7 - Salt Lake City 2 |
| TOP OF THE 4TH |
|
Phoenix Giants batting - Pitching for Salt Lake City Bees : RHP Jesse Baez
|
|
Batting: LHB Ernie Riles
|
0-0: Ground out 4-3 (Groundball, 4D, EV 105.0 MPH)
|
|
Batting: SHB John Macauley
|
0-0: Ball 1-0: Foul Ball, location: 2F 1-1: Called Strike 1-2: Foul Ball, location: 2F 1-2: Ball 2-2: Ball 3-2: Foul Ball, location: 2F 3-2: Foul Ball, location: 2F 3-2: Foul Ball, location: 2F 3-2: Fly out, F8 (Line Drive, 8RM, EV 90.6 MPH)
|
|
Batting: RHB Paul Zuvella
|
0-0: Ball 1-0: Foul Ball, location: 2F 1-1: Called Strike 1-2: Ground out 4-3 (Groundball, 4, EV 88.8 MPH)
|
| Top of the 4th over - 0 runs, 0 hits, 0 errors, 0 left on base; Phoenix 7 - Salt Lake City 2 |
| BOTTOM OF THE 4TH |
|
Salt Lake City Bees batting - Pitching for Phoenix Giants : RHP Steven Miller
|
|
Batting: LHB Thomas Dorsey
|
0-0: Ball 1-0: Ground out 4-3 (Groundball, 4, EV 103.1 MPH)
|
|
Batting: RHB William Cole
|
0-0: Called Strike 0-1: Ball 1-1: Ball 2-1: Foul Ball, location: 2F 2-2: Fly out, F7 (Flyball, 7D, EV 90.6 MPH)
|
|
Batting: RHB Dick C Schofield
|
0-0: Foul Ball, location: 2F 0-1: Foul Ball, location: 2F 0-2: Strikes out swinging
|
| Bottom of the 4th over - 0 runs, 0 hits, 0 errors, 0 left on base; Phoenix 7 - Salt Lake City 2 |
| TOP OF THE 5TH |
|
Phoenix Giants batting - Pitching for Salt Lake City Bees : RHP Jesse Baez
|
|
Batting: LHB Raymond Rivas
|
0-0: Ball 1-0: Called Strike 1-1: Swinging Strike 1-2: Ball 2-2: Foul Ball, location: 2F 2-2: Ball 3-2: Base on Balls
|
|
Batting: SHB Razor Shines
|
0-0: Ball 1-0: Ball Wild Pitch! Raymond Rivas to second 2-0: Foul Ball, location: 2F 2-1: Foul Ball, location: 2F 2-2: Foul Ball, location: 2F 2-2: Ball 3-2: Base on Balls
|
|
Batting: LHB Joseph Bruno
|
0-0: Ball 1-0: Grounds into double play, 4-6-3 (Groundball, 4, EV 89.4 MPH) Raymond Rivas to third
|
|
Batting: LHB Frank Gill
|
0-0: Ball 1-0: Ball 2-0: Swinging Strike 2-1: Foul Ball, location: 2F 2-2: Ball 3-2: Base on Balls
|
|
Batting: LHB Bobby V Mitchell
|
0-0: Called Strike 0-1: Ball 1-1: Ball 2-1: Ball 3-1: Foul Ball, location: 2F 3-2: Base on Balls Frank Gill to second
|
|
Batting: LHB Gordon Hahn
|
0-0: Ground out 4-3 (Groundball, 34, EV 98.1 MPH)
|
| Top of the 5th over - 0 runs, 0 hits, 0 errors, 3 left on base; Phoenix 7 - Salt Lake City 2 |
| BOTTOM OF THE 5TH |
|
Salt Lake City Bees batting - Pitching for Phoenix Giants : RHP Steven Miller
|
|
Batting: RHB Darnell Coles
|
0-0: Called Strike 0-1: Ball 1-1: Called Strike 1-2: Strikes out swinging
|
|
Batting: RHB Reid Nichols
|
0-0: Called Strike 0-1: Fly out, F8 (Flyball, 78D, EV 95.0 MPH)
|
|
Batting: RHB Antonio Baca
|
0-0: Ball 1-0: Swinging Strike 1-1: SINGLE (Groundball, 6M, EV 106.9 MPH)
|
|
Batting: LHB Eric Attaway
|
0-0: Ball 1-0: Ball 2-0: Ball 3-0: Base on Balls Antonio Baca to second
|
|
Batting: RHB Jamie Nelson
|
0-0: Called Strike 0-1: Foul Ball, location: 2F 0-2: Ball 1-2: DOUBLE (Flyball, 89XD, EV 96.9 MPH) Antonio Baca scores Eric Attaway to third Runner from 3rd tries for Home, SAFE, throw by CF to home
|
|
Batting: RHB Nicky Richards
|
0-0: Called Strike 0-1: Called Strike 0-2: Ball 1-2: Strikes out looking
|
| Bottom of the 5th over - 2 runs, 2 hits, 0 errors, 1 left on base; Phoenix 7 - Salt Lake City 4 |
| TOP OF THE 6TH |
|
Phoenix Giants batting - Pitching for Salt Lake City Bees : RHP Jesse Baez
|
|
Batting: LHB Ernie Riles
|
0-0: Ball 1-0: Ball 2-0: Ball 3-0: Called Strike 3-1: Fly out, F7 (Flyball, 7, EV 95.0 MPH)
|
|
Batting: SHB John Macauley
|
0-0: Ball 1-0: SINGLE (Groundball, 4MD, EV 103.1 MPH)
|
|
Pitching: RHP Tony Brewer
|
|
|
Batting: RHB Paul Zuvella
|
0-0: Called Strike John Macauley steals 2nd base 0-1: Swinging Strike 0-2: SINGLE (Flyball, 5D, EV 101.9 MPH) John Macauley to third
|
|
Batting: LHB Raymond Rivas
|
0-0: Ball 1-0: Fly out, F7 (Flyball, 7S, EV 83.8 MPH)
|
|
Batting: SHB Razor Shines
|
0-0: Called Strike 0-1: SINGLE (Popup, 5D, EV 53.1 MPH) John Macauley scores Paul Zuvella to second
|
|
Batting: LHB Joseph Bruno
|
0-0: SINGLE (Groundball, 4MD, EV 106.3 MPH) Paul Zuvella to third Razor Shines to second Runner from 3rd tries for Home, SAFE, throw by CF to home
|
|
Batting: LHB Frank Gill
|
0-0: Called Strike 0-1: Ball 1-1: Swinging Strike 1-2: Foul Ball, location: 2F 1-2: Ball 2-2: Foul Ball, location: 2F 2-2: Ball 3-2: Base on Balls Razor Shines to third Joseph Bruno to second
|
|
Batting: LHB Bobby V Mitchell
|
0-0: Fly out, F8 (Line Drive, 8LD, EV 95.0 MPH)
|
| Top of the 6th over - 2 runs, 4 hits, 0 errors, 3 left on base; Phoenix 9 - Salt Lake City 4 |
| BOTTOM OF THE 6TH |
|
Salt Lake City Bees batting - Pitching for Phoenix Giants : RHP Steven Miller
|
|
Batting: LHB Thomas Dorsey
|
0-0: Ball 1-0: Ball 2-0: Called Strike 2-1: Foul Ball, location: 2F 2-2: Strikes out swinging
|
|
Batting: RHB William Cole
|
0-0: Ball 1-0: Ground out 4-3 (Groundball, 4, EV 83.8 MPH)
|
|
Batting: RHB Dick C Schofield
|
0-0: SINGLE (Line Drive, 89M, EV 91.3 MPH)
|
|
Batting: RHB Darnell Coles
|
0-0: Called Strike 0-1: Called Strike 0-2: Hit by Pitch Dick C Schofield to second
|
|
Batting: RHB Reid Nichols
|
0-0: Called Strike 0-1: Foul Ball, location: 2F 0-2: Ball 1-2: Ball 2-2: SINGLE (Line Drive, 9LS, EV 91.9 MPH) Dick C Schofield to third Darnell Coles to second Runner from 3rd tries for Home, SAFE, throw by RF to home
|
|
Batting: RHB Antonio Baca
|
0-0: Swinging Strike 0-1: Swinging Strike 0-2: Ball 1-2: Strikes out looking
|
| Bottom of the 6th over - 1 run, 2 hits, 0 errors, 2 left on base; Phoenix 9 - Salt Lake City 5 |
| TOP OF THE 7TH |
|
Phoenix Giants batting - Pitching for Salt Lake City Bees : RHP Tony Brewer
|
|
Batting: LHB Gordon Hahn
|
0-0: Ground out U3 (Groundball, 3, EV 90.0 MPH)
|
|
Batting: LHB Ernie Riles
|
0-0: Foul Ball, location: 2F 0-1: Ball 1-1: Ball 2-1: Foul Ball, location: 2F 2-2: Ball 3-2: Foul Ball, location: 2F 3-2: Ground out 4-3 (Groundball, 4MS, EV 70.0 MPH)
|
|
Batting: SHB John Macauley
|
0-0: Called Strike 0-1: Ball 1-1: Ball 2-1: Ball 3-1: Fly out, F9 (Flyball, 9LS, EV 85.0 MPH)
|
| Top of the 7th over - 0 runs, 0 hits, 0 errors, 0 left on base; Phoenix 9 - Salt Lake City 5 |
| BOTTOM OF THE 7TH |
|
Salt Lake City Bees batting - Pitching for Phoenix Giants : RHP Steven Miller
|
|
Batting: LHB Eric Attaway
|
0-0: Ball 1-0: Foul Ball, location: 2F 1-1: TRIPLE (Flyball, 9D, EV 96.3 MPH)
|
|
Batting: RHB Jamie Nelson
|
0-0: Foul Ball, location: 2F 0-1: Ball 1-1: Ground out 4-3 (Groundball, 4, EV 103.8 MPH) Eric Attaway scores
|
|
Pitching: RHP Pete Ladd
|
|
|
Batting: RHB Nicky Richards
|
0-0: Ball 1-0: Called Strike 1-1: Called Strike 1-2: Foul Ball, location: 2F 1-2: Ball 2-2: Ball 3-2: Base on Balls
|
|
Batting: LHB Thomas Dorsey
|
0-0: Called Strike 0-1: Foul Ball, location: 2F 0-2: Strikes out swinging
|
|
Batting: RHB William Cole
|
0-0: Called Strike 0-1: Swinging Strike 0-2: Ball 1-2: Strikes out swinging
|
| Bottom of the 7th over - 1 run, 1 hit, 0 errors, 1 left on base; Phoenix 9 - Salt Lake City 6 |
| TOP OF THE 8TH |
|
Phoenix Giants batting - Pitching for Salt Lake City Bees : RHP Tony Brewer
|
|
Batting: RHB Paul Zuvella
|
0-0: Ball 1-0: Called Strike 1-1: SINGLE (Groundball, 56D, EV 99.4 MPH)
|
|
Batting: LHB Raymond Rivas
|
0-0: Swinging Strike 0-1: Foul Ball, location: 2F 0-2: Ball 1-2: Fielders Choice at 2nd, 4-6 (Groundball, 4D, EV 87.5 MPH)
|
|
Batting: SHB Razor Shines
|
0-0: Ball 1-0: Foul Ball, location: 2F 1-1: Ball 2-1: Ball 3-1: Called Strike 3-2: Foul Ball, location: 2F 3-2: Fielders Choice at 2nd, 6-4 (Groundball, 6, EV 83.1 MPH)
|
|
Batting: LHB Joseph Bruno
|
0-0: Ball 1-0: Ball 2-0: Ball Wild Pitch! Razor Shines to second 3-0: Base on Balls
|
|
Batting: LHB Frank Gill
|
0-0: Called Strike 0-1: Called Strike 0-2: Ball 1-2: SINGLE (Groundball, 5S, EV 70.0 MPH) (infield hit) Razor Shines to third Joseph Bruno to second
|
|
Batting: LHB Bobby V Mitchell
|
0-0: Ball 1-0: Ball 2-0: Ball 3-0: Called Strike 3-1: Base on Balls Razor Shines scores Joseph Bruno to third Frank Gill to second
|
|
Batting: LHB Gordon Hahn
|
0-0: Called Strike 0-1: Foul Ball, location: 2F 0-2: Fly out, F5 (Popup, 56S, EV 65.0 MPH)
|
| Top of the 8th over - 1 run, 2 hits, 0 errors, 3 left on base; Phoenix 10 - Salt Lake City 6 |
| BOTTOM OF THE 8TH |
|
Salt Lake City Bees batting - Pitching for Phoenix Giants : RHP Pete Ladd
|
|
Batting: RHB Dick C Schofield
|
0-0: Ball 1-0: Foul Ball, location: 2F 1-1: Ball 2-1: Ball 3-1: Called Strike 3-2: Foul Ball, location: 2F 3-2: Base on Balls
|
|
Batting: RHB Darnell Coles
|
0-0: Ball 1-0: Called Strike 1-1: Fly out, F8 (Flyball, 8RD, EV 110.0 MPH)
|
|
Batting: RHB Reid Nichols
|
0-0: Ball 1-0: Foul Ball, location: 2F 1-1: Swinging Strike 1-2: Fly out, F4 (Flyball, 3D, EV 86.9 MPH)
|
|
Batting: RHB Antonio Baca
|
0-0: Called Strike 0-1: Ball 1-1: Foul Ball, location: 2F 1-2: Ball 2-2: Strikes out looking
|
| Bottom of the 8th over - 0 runs, 0 hits, 0 errors, 1 left on base; Phoenix 10 - Salt Lake City 6 |
| TOP OF THE 9TH |
|
Phoenix Giants batting - Pitching for Salt Lake City Bees : RHP Tony Brewer
|
|
Batting: LHB Ernie Riles
|
0-0: Ball 1-0: Ball 2-0: Called Strike 2-1: Ball 3-1: Base on Balls
|
|
Pitching: RHP Mobil Cox
|
|
|
Batting: SHB John Macauley
|
0-0: Called Strike 0-1: Ball 1-1: Ball 2-1: Ball 3-1: Base on Balls Ernie Riles to second
|
|
Batting: RHB Paul Zuvella
|
0-0: Fly out, F8 (Line Drive, 8RM, EV 103.8 MPH)
|
|
Batting: LHB Raymond Rivas
|
0-0: Foul Ball, location: 2F 0-1: Swinging Strike 0-2: Ball 1-2: Foul Ball, location: 2F 1-2: Ball 2-2: Fly out, F3 (Flyball, 3D, EV 88.1 MPH)
|
|
Batting: SHB Razor Shines
|
0-0: Ball 1-0: Called Strike 1-1: Ground out U3 (Groundball, 3, EV 103.8 MPH)
|
| Top of the 9th over - 0 runs, 0 hits, 0 errors, 2 left on base; Phoenix 10 - Salt Lake City 6 |
| BOTTOM OF THE 9TH |
|
Salt Lake City Bees batting - Pitching for Phoenix Giants : RHP Pete Ladd
|
|
Batting: LHB Eric Attaway
|
0-0: Ball 1-0: Ball 2-0: Ball 3-0: Called Strike 3-1: Foul Ball, location: 2F 3-2: Ground out 4-3 (Groundball, 4S, EV 71.3 MPH)
|
|
Pitching: RHP John Littlefield
|
|
|
Batting: RHB Jamie Nelson
|
0-0: Ball 1-0: SINGLE (Groundball, 6, EV 95.6 MPH)
|
|
Batting: RHB Nicky Richards
|
0-0: Ball 1-0: Fly out, F4 (Flyball, 4D, EV 88.1 MPH)
|
|
Batting: LHB Thomas Dorsey
|
0-0: Fly out, F7 (Flyball, 78D, EV 96.9 MPH)
|
| Bottom of the 9th over - 0 runs, 1 hit, 0 errors, 1 left on base; Phoenix 10 - Salt Lake City 6 |
|